 Dungeon Sprint DCSS version 0.21-a0-417-g0adc95b (webtiles) character file.

916 HAL9000 the Grappler (level 7, -3/60 HPs)
             Began as a Grey Draconian Transmuter on Nov 3, 2017.
             Killed from afar by an ice dragon (25 damage)
             ... with a blast of cold
             ... in the Dungeon (Sprint II: "The Violet Keep of Menkaure").
             The game lasted 00:02:10 (516 turns).

HAL9000 the Grappler (Grey Draconian Transmuter)     Turns: 516, Time: 00:02:11

Health: -3/60      AC: 11    Str: 14    XL:     7   Next: 83%
Magic:  5/10       EV: 14    Int: 13    God:
Gold:   972        SH:  0    Dex: 12    Spells: 4/10 levels left

rFire    . . .     SeeInvis .     - Unarmed
rCold    . . .     Gourm    .   (shield currently unavailable)
rNeg     . . .     Faith    .   (armour unavailable)
rPois    .         Spirit   .   (helmet restricted)
rElec    .         Reflect  .   (no cloak)
rCorr    .         Harm     .   (gloves currently unavailable)
MR       .....     NoTele   +   (no boots)
Stlth    +.........             (no amulet)
HPRegen  0.20/turn              (no ring)
MPRegen  0.12/turn              (no ring)

@: blade hands, flying
A: walk through water, unfitting armour, big wings, unbreathing, cold-blooded,
AC +11
a: Stop Flying, End Transformation


You were in the Dungeon.
You were not hungry.
You had blades for hands.
You visited 1 branch You collected 972 gold pieces.

Inventory:

Missiles
 a - 12 arrows
Scrolls
 i - a scroll of blinking
Potions
 f - a potion of haste
 g - 2 potions of magic
Books
 b - a book of Changes

   Spells                             Type                      Level
   a - Beastly Appendage              Transmutation                1
   b - Sticks to Snakes               Transmutation                2
   c - Spider Form                    Transmutation/Poison         3
   d - Ice Form                       Ice/Transmutation            4
   e - Blade Hands                    Transmutation                5
Comestibles
 c - a bread ration


   Skills:
 + Level 4.6 Fighting
 + Level 4.1 Dodging
 + Level 12.0 Unarmed Combat
 - Level 2.0 Spellcasting
 - Level 11.1 Transmutations


You had 4 spell levels left.
You knew the following spells:

 Your Spells              Type           Power        Failure   Level  Hunger
a - Beastly Appendage     Tmut           ####..       10%         1    ##.....
b - Blade Hands           Tmut           ####......   38%         5    ######.


Dungeon Overview and Level Annotations

Branches:
Dungeon (1/1)

Altars:
Cheibriados
Dithmenos
Elyvilon
Fedhas
Hepliaklqana
Kikubaaqudgha
Makhleb
Qazlal
Ru
Sif Muna
Trog
Wu Jian
Xom
Beogh
Jiyva
Lugonu

Annotations:
D Roxanne


Innate Abilities, Weirdness & Mutations

You can walk through water.
Your dull iron-grey scales are very hard. (AC +11)
You cannot fit into any form of body armour.
You can survive without breathing.
You are cold-blooded and may be slowed by cold attacks.
Your large and strong wings let you fly indefinitely.


Message History

* * * LOW HITPOINT WARNING * * *
Found 81 gold pieces.
You feel much better.
The ice dragon moves out of view.
Casting: Blade Hands
Confirm with . or Enter, or press ? or * to list all spells.
You don't know that spell.
Unknown command.
Casting: Blade Hands
Confirm with . or Enter, or press ? or * to list all spells.
Your hands turn into razor-sharp scythe blades.
You slice the ice dragon!!
The ice dragon is moderately wounded.
The ice dragon bites you.
The ice dragon claws you but does no damage.
The ice dragon closely misses you.
You hit the ice dragon but do no damage.
The ice dragon is moderately wounded.
The ice dragon breathes frost at you. The blast of cold hits you!
You die...

.. .. ##+##.. #.
##.#.##.#### .### #..#..#
...# ...# #
#.#####..#####..#
###'###.##..#.$D..#
.##.##.#.#..# #@.# #
)'.<.'.##'..####..##.#
.##.##..##....###...##▓▓
###†###.##......≈≈≈≈≈≈≈≈≈
##..# ###≈≈.....≈#+######
#..## #≈≈≈≈≈≈≈..≈#.._....
##.# #≈≈≈≈≈≈≈≈.≈#._._...
##+##≈≈≈≈≈≈≈§≈≈≈#_._._..
≈≈≈≈≈≈≈≈≈≈≈§§≈#._._._.


You could see an ice dragon.

Vanquished Creatures
  A merfolk siren (D)
  4 neqoxecs (D)
  4 worker ants (D)
  2 worms (D)
11 creatures vanquished.

Vanquished Creatures (others)
  A crocodile (D)
1 creature vanquished.

Grand Total: 12 creatures vanquished

Notes
Turn   | Place    | Note
-------+----------+-------------------------------------------
     0 | D        | HAL9000 the Draconian Transmuter began the quest for the Orb.
     0 | D        | Reached XP level 1. HP: 16/16 MP: 3/3
     1 | D        | Noticed a worker ant
     1 | D        | Noticed a worker ant
    10 | D        | Killed a worker ant
    10 | D        | Reached skill level 4 in Unarmed Combat
    10 | D        | Reached XP level 2. HP: 23/23 MP: 3/5
    16 | D        | Reached skill level 5 in Unarmed Combat
    16 | D        | Reached skill level 5 in Transmutations
    16 | D        | Reached XP level 3. HP: 26/28 MP: 4/6
    28 | D        | Reached skill level 6 in Unarmed Combat
    28 | D        | Reached XP level 4. HP: 12/35 MP: 4/7
    42 | D        | Killed a crocodile
   296 | D        | Noticed a neqoxec
   296 | D        | Noticed a neqoxec
   296 | D        | Noticed a neqoxec
   296 | D        | Noticed a neqoxec
   302 | D        | Gained mutation: Your large and strong wings let you fly indefinitely. [a neqoxec]
   307 | D        | Killed a neqoxec
   307 | D        | Reached skill level 8 in Unarmed Combat
   307 | D        | Reached XP level 5. HP: 40/40 MP: 6/8
   311 | D        | Killed a neqoxec
   311 | D        | Reached skill level 10 in Unarmed Combat
   311 | D        | Reached XP level 6. HP: 43/47 MP: 7/9
   318 | D        | Killed a neqoxec
   318 | D        | Reached skill level 10 in Transmutations
   325 | D        | Killed a neqoxec
   325 | D        | Reached skill level 11 in Unarmed Combat
   325 | D        | Your scales start taking on a dull iron-grey colour.
   325 | D        | Reached XP level 7. HP: 44/52 MP: 7/10
   325 | D        | Gained mutation: You can survive without breathing. [Grey Draconian growth]
   445 | D        | Learned a level 5 spell: Blade Hands
   457 | D        | Noticed a merfolk siren
   463 | D        | Killed a merfolk siren
   463 | D        | Reached skill level 12 in Unarmed Combat
   478 | D        | Noticed Roxanne
   494 | D        | Found a stormy altar of Qazlal.
   494 | D        | Found an ornate altar of the Wu Jian Council.
   495 | D        | Found a hazy altar of Hepliaklqana.
   495 | D        | Found a sacrificial altar of Ru.
   504 | D        | Found a shimmering altar of Xom.
   505 | D        | Found a roughly hewn altar of Beogh.
   505 | D        | Found a viscous altar of Jiyva.
   505 | D        | Found a deep blue altar of Sif Muna.
   506 | D        | Found a snail-covered altar of Cheibriados.
   506 | D        | Found an ancient bone altar of Kikubaaqudgha.
   506 | D        | Found a bloodstained altar of Trog.
   507 | D        | Found a shadowy altar of Dithmenos.
   507 | D        | Found a corrupted altar of Lugonu.
   508 | D        | Found a white marble altar of Elyvilon.
   508 | D        | Found a burning altar of Makhleb.
   509 | D        | Found a blossoming altar of Fedhas.
   512 | D        | Noticed an ice dragon
   512 | D        | HP: 3/60 [ice dragon/blast of cold (57)]
   516 | D        | Killed from afar by an ice dragon

Vault maps used:
D:        the_violet_keep_of_menkaure

Skill      XL: |  1  2  3  4  5  6  7 |
---------------+----------------------+-----
Unarmed Combat | 4 5 6 8 10 11 12 | 12.0
Transmutations | 4 5 8 9 11 | 11.1
Fighting       | 4 |  4.6
Dodging        | 4 |  4.1
Spellcasting   | |  2.0

Action                   |  1- 3 |  4- 6 |  7- 9 || total
-------------------------+-------+-------+-------++-------
Melee: Unarmed           |    18 |    28 |    10 ||    56
       Kick              |     6 |    10 |       ||    16
       Tailslap          |     3 |     2 |     1 ||     6
 Cast: Beastly Appendage |     2 |     1 |       ||     3
       Blade Hands       |       |       |     2 ||     2
 Abil: Fly               |       |       |     1 ||     1
  Use: Potion            |     1 |     1 |     1 ||     3
Armor: Skin              |     1 |     7 |     1 ||     9
Dodge: Dodged            |    15 |    12 |     3 ||    30

Table legend:
 A = Spawn XP
 B = Non-spawn XP
 C = Spawn XP percentage of total XP
 D = Spawn monster count
 E = Non-spawn monster count
 F = Spawn count percentage of total count
 G = Total turns spent on level
                    A         B        C        D         E        F      G
               +---------+---------+-------+---------+---------+-------+---------
         Total |       0 |    1309 |   0.0 |       0 |      11 |   0.0 |   516
               +---------+---------+-------+---------+---------+-------+---------
             D |       0 |    1309 |   0.0 |       0 |      11 |   0.0 |   516
               +---------+---------+-------+---------+---------+-------+---------
